 Dungeon Crawl Stone Soup version 0.24-a0-580-g6a6c3f83c1 (webtiles) character file.

Game seed: 1549210796632371314

2540 Gynju the Cleaver (level 9, 0/64 HPs)
             Began as a Formicid Fighter on Aug 21, 2019.
             Was a Believer of Cheibriados.
             Slain by a hell rat (2 damage)
             ... on level 8 of the Dungeon.
             The game lasted 00:08:22 (7616 turns).

Gynju the Cleaver (Formicid Fighter)                Turns: 7616, Time: 00:08:22

Health: 0/64       AC: 12    Str: 29    XL:     9   Next: 85%
Magic:  14/14      EV:  7    Int: 13    God:    Cheibriados [**....]
Gold:   540        SH: 12    Dex: 15    Spells: 8/8 levels left

rFire    . . .     SeeInvis +   a - +1 war axe
rCold    . . .     Gourm    .   c - +0 shield
rNeg     . . .     Faith    .   A - +0 plate armour
rPois    .         Spirit   .   (helmet unavailable)
rElec    .         Reflect  .   B - +0 cloak
rCorr    .         Harm     .   (no gloves)
MR       .....                  (no boots)
Stlth    ..........             C - amulet of the acrobat
HPRegen  0.20/turn              (no ring)
MPRegen  0.14/turn              (no ring)

@: lightly drained, very slow
A: permanent stasis, dig shafts and tunnels, four strong arms, antennae 3
a: Dig, Shaft Self, Bend Time, Renounce Religion


You were on level 8 of the Dungeon.
You worshipped Cheibriados.
Cheibriados was pleased with you.
You were hungry.

You visited 2 branches of the dungeon, and saw 9 of its levels.

You collected 540 gold pieces.

Inventory:

Hand Weapons
 a - a +1 war axe (weapon)
Armour
 c - a +0 shield (worn)
 A - a +0 plate armour (worn)
 B - a +0 cloak (worn)
Jewellery
 C - an amulet of the acrobat (around neck)
Wands
 g - a wand of paralysis (6)
 m - a wand of iceblast (15)
 p - a wand of acid (9)
 x - a wand of digging (6)
Scrolls
 e - 2 scrolls of identify
 i - a scroll of magic mapping {unknown}
 j - a scroll of blinking {unknown}
 k - a scroll of enchant armour {unknown}
 l - 3 scrolls of enchant weapon
 q - 4 scrolls of remove curse
 s - 3 scrolls of teleportation {unknown}
 t - 2 scrolls of amnesia
 y - a scroll of fog {unknown}
Potions
 b - a potion of brilliance {unknown}
 d - 4 potions of might
 h - 2 potions of flight
 n - 2 potions of cancellation
 r - a potion of lignification {unknown}
 u - 5 potions of haste
 v - 2 potions of curing {unknown}
 w - a potion of heal wounds {unknown}
 z - a potion of magic {unknown}
 D - a potion of ambrosia {unknown}
Comestibles
 f - 20 rations


   Skills:
 - Level 3.2(2.7) Fighting
 + Level 9.2(8.5) Axes
 - Level 3.2(2.7) Armour
 - Level 9.0(8.4) Shields
 + Level 6.7(6.0) Invocations


You had 8 spell levels left.
You didn't know any spells.
Your spell library contained the following spells:

 Spells                   Type           Power        Failure   Level  Hunger
 Corona                   Hex            #......      99%         1    ##.....
 Ensorcelled Hibernation  Hex/Ice        #.....       99%         2    ###....
 Confuse                  Hex            #.......     100%        3    ####...
 Dazzling Spray           Conj/Hex       #.....       100%        3    ####...
 Tukima's Dance           Hex            #.......     100%        3    ####...


Dungeon Overview and Level Annotations

Branches:
Dungeon (8/15)             Temple (1/1) D:7
   Lair: D:8-11

Altars:
Ashenzari
Cheibriados
Dithmenos
Elyvilon
Gozag
Hepliaklqana
Kikubaaqudgha
Makhleb
Okawaru
Qazlal
Ru
Sif Muna
Uskayaw
Vehumet
Xom
Yredelemnul
Zin
The Shining One

Shops:
D:4 ?   D:8 !


Innate Abilities, Weirdness & Mutations

You cannot be hasted, slowed, berserked, paralysed or teleported.
You can dig through walls and to a lower floor.
Your four strong arms can wield two-handed weapons with a shield.
You have a pair of large antennae on your head. (SInv)


Message History

The hell rat bites you but does no damage.
You block the hell rat's attack. x2
Your plate armour prevents you from hitting the hell rat.
The hell rat is severely wounded.
You hit the river rat but do no damage. You hit the hell rat but do no damage.
You closely miss the hell rat. You hit the river rat but do no damage.
The river rat bites you.
* * * LOW HITPOINT WARNING * * *
The hell rat barely misses you. You block the hell rat's attack. x2
The river rat bites you.
* * * LOW HITPOINT WARNING * * *
You closely miss the hell rat.
The hell rat is severely wounded.
You hit the river rat. You slash the hell rat! x2
You closely miss the river rat. You hit the quokka.
The quokka closely misses you. You block the river rat's attack.
You block the hell rat's attack. The hell rat bites you.
* * * LOW HITPOINT WARNING * * *
You feel drained.
You die...

#>...8.8.8.......#
##....⌠.⌠..........
###.8.∩.8.........
#..⌠.⌠........#
##8.8.8.......# .#
####.#.....>###
##.###
#..........##......
###....rr..........
#.....@r....#....
##...rrr....#.....
##.........$##..#
#......YY.......
#...........#..
##..............
#...#......###.
##......#...#
#.....####...#


You could see 2 death yaks, 3 hell rats, 2 river rats and a quokka.

Vanquished Creatures
  Sigmund (D:5)
  A hippogriff (D:7)
  2 hungry ghosts (D:7)
  A black bear (D:7)
  A porcupine (D:8)
  An orc warrior (D:8)
  A sky beast (D:5)
  A phantom (D:7)
  An ice beast (D:7)
  2 centaurs
  2 big kobolds (D:7)
  2 bullfrogs
  A gnoll sergeant (D:6)
  A scorpion (D:4)
  A centaur zombie (D:6)
  A crimson imp (D:5)
  3 hounds (D:7)
  A jelly (D:7)
  3 orc priests
  6 orc wizards
  A gnoll shaman (D:7)
  4 worker ants
  11 gnolls
  9 adders
  A shadow imp (D:6)
  2 oozes
  2 adder skeletons
  2 worms
  A dart slug (D:3)
  4 leopard geckos
  29 orcs
  2 ball pythons (D:3)
  5 bats
  5 giant cockroaches
  4 goblins
  3 hobgoblins
  8 jackals
  3 quokkas
  A ball python skeleton (D:4)
  9 frilled lizards
  13 kobolds
  3 rats
155 creatures vanquished.

Notes
Turn   | Place    | Note
-------+----------+-------------------------------------------
     0 | D:1      | Gynju the Formicid Fighter began the quest for the Orb.
     0 | D:1      | Reached XP level 1. HP: 18/18 MP: 1/1
   183 | D:1      | Reached XP level 2. HP: 24/24 MP: 2/2
   814 | D:2      | Found a white marble altar of Elyvilon.
   870 | D:2      | Reached XP level 3. HP: 29/29 MP: 3/3
  1272 | D:2      | Found a hide-covered altar of Uskayaw.
  1321 | D:2      | Reached XP level 4. HP: 12/35 MP: 4/4
  1997 | D:3      | Reached skill level 5 in Shields
  2015 | D:3      | Reached XP level 5. HP: 32/41 MP: 5/5
  2778 | D:4      | Reached XP level 6. HP: 20/47 MP: 6/6
  3368 | D:4      | Found Ysysiu's Magic Scroll Shoppe.
  3633 | D:5      | Entered Level 5 of the Dungeon
  3730 | D:5      | Noticed a sky beast
  3749 | D:5      | Killed a sky beast
  3749 | D:5      | Reached skill level 5 in Axes
  3749 | D:5      | Reached XP level 7. HP: 27/52 MP: 7/7
  3914 | D:5      | Found a basalt altar of Yredelemnul.
  4373 | D:5      | Noticed Sigmund
  4386 | D:5      | Killed Sigmund
  4661 | D:6      | Reached XP level 8. HP: 54/58 MP: 8/8
  4690 | D:6      | Found a hazy altar of Hepliaklqana.
  5489 | D:7      | Noticed a hippogriff
  5499 | D:7      | Killed a hippogriff
  5694 | D:7      | Found a shimmering blue altar of Sif Muna.
  5842 | D:7      | Found a staircase to the Ecumenical Temple.
  5848 | Temple   | Entered the Ecumenical Temple
  5926 | Temple   | Became a worshipper of Cheibriados the Contemplative
  5942 | D:7      | Reached skill level 1 in Invocations
  6008 | D:7      | Found an iron altar of Okawaru.
  6048 | D:7      | Reached XP level 9. HP: 64/64 MP: 9/11
  6653 | D:7      | Reached * piety under Cheibriados
  6799 | D:7      | Reached skill level 5 in Invocations
  7279 | D:8      | Reached ** piety under Cheibriados
  7498 | D:8      | Found a glowing golden altar of the Shining One.
  7543 | D:8      | Found Reananes's Distillery.
  7604 | D:8      | Noticed a death yak
  7609 | D:8      | Noticed a death yak
  7616 | D:8      | HP: 2/64 [hell rat (4)]
  7616 | D:8      | Slain by a hell rat

Levels and vault maps discovered:
D:1:      dpeg_arrival_triangle_fractal, layout_rooms
D:2:      layout_basic, eat_drink_and_be_merry_uskayaw,
          nicolae_overflow_hidden_temple, elyvilon_altar_5,
          minmay_misc_feat_tower, minmay_tree_intersection
D:3:      layout_rooms, first_ration
D:4:      layout_basic, serial_shops, shop
D:5:      layout_loops_ring, nicolae_overflow_crystal_walls, feat_on_display,
          uniq_sigmund
D:6:      layout_basic, lemuel_crystal_altar, grunt_ministairs_2
D:7:      layout_basic, kennysheep_mini_moat, okawaru_gym_becter,
          minmay_temple_entry_gardened_gates
D:8:      layout_cave_pools, nemelex_xobeh_ov_fountains_minmay,
          nicolae_tso_swordbearing_angel, marbit_many_paths, dpeg_lair_monsters,
          serial_shops, nicolae_shop_temple_entry_statues_fountains,
          ebering_dispersal_statue_hall
Temple:   jpeg_temple_clearing

Skill      XL: |  1  2  3  4  5  6  7  8  9 |
---------------+----------------------------+-----
Shields        | 4 5 6 7 9 |  9.0
Axes           | 3 4 5 6 7 9 |  9.2
Invocations    | 3 6 |  6.7
Fighting       | |  3.2
Armour         | |  3.2

Action                   |  1- 3 |  4- 6 |  7- 9 || total
-------------------------+-------+-------+-------++-------
Melee: War axe           |    83 |   158 |   323 ||   564
 Abil: Dig               |       |       |     1 ||     1
  Use: Scroll            |       |     7 |       ||     7
  Eat: Chunk             |     1 |     8 |    11 ||    20
       Ration            |       |       |     2 ||     2
Armor: Scale mail        |    44 |    57 |       ||   101
       Chain mail        |       |     6 |   127 ||   133
       Plate armour      |       |       |    15 ||    15
Dodge: Dodged            |    38 |    59 |   132 ||   229
Block: Shield            |    59 |   116 |   240 ||   415

Table legend:
 A = Non-vault XP
 B = Vault XP
 C = Vault XP percentage of total XP
 D = Non-vault monster count
 E = Vault monster count
 F = Vault count percentage of total count
                 A         B        C        D         E       F
            +---------+---------+-------+---------+---------+-------
      Total |    3258 |     371 |  10.2 |     151 |       4 |   2.6
            +---------+---------+-------+---------+---------+-------
        D:1 |      25 |       0 |   0.0 |      16 |       0 |   0.0
        D:2 |      64 |       0 |   0.0 |      14 |       0 |   0.0
        D:3 |     130 |       0 |   0.0 |      20 |       0 |   0.0
        D:4 |     228 |       0 |   0.0 |      18 |       0 |   0.0
        D:5 |     295 |     220 |  42.7 |       7 |       1 |  12.5
        D:6 |     215 |      13 |   5.7 |       9 |       1 |  10.0
        D:7 |    1795 |       0 |   0.0 |      35 |       0 |   0.0
        D:8 |     506 |     138 |  21.4 |      32 |       2 |   5.9
            +---------+---------+-------+---------+---------+-------
